 Dungeon Crawl Stone Soup version 0.26-a0-707-g31817bcca1 (webtiles) character file.

Game seed: 10528818265339694504

434 Ijustatesigmund the Chopper (level 7, 0/49 HPs)
             Began as an Octopode Fighter on Oct 26, 2020.
             Slain by an ice beast (12 damage)
             ... on level 5 of the Dungeon.
             The game lasted 00:06:29 (3875 turns).

Ijustatesigmund the Chopper (Octopode Fighter)      Turns: 3875, Time: 00:06:30

Health: 0/49       AC:  2    Str: 15    XL:     7   Next: 0%
Magic:  7/7        EV: 12    Int: 10    God:
Gold:   231        SH:  9    Dex: 14    Spells: 6/6 levels left

rFire    . . .     SeeInvis .   a - +1 war axe
rCold    . . .     Faith    .   b - +0 kite shield
rNeg     . . .     Spirit   .   d - +1 hat {MR+}
rPois    .         Reflect  .   (no amulet)
rElec    .         Harm     .   i - ring of stealth
rCorr    .         Rampage  .   (no ring)
MR       +....                  (no ring)
Stlth    +++.......             (no ring)
HPRegen  0.16/turn              (no ring)
MPRegen  0.10/turn              (no ring)
                                (no ring)
                                (no ring)

@: very slightly contaminated, lightly drained, invisible
A: almost no armour, stealthy swim, amphibious, 8 rings, constrict 8, camouflage
1, gelatinous body 1
a: no special abilities


You were on level 5 of the Dungeon.
You visited 1 branch of the dungeon, and saw 5 of its levels.

You collected 231 gold pieces.

Inventory:

Hand Weapons
 a - a +1 war axe (weapon)
Armour
 b - a +0 kite shield (worn)
 d - a +1 hat of magic resistance (worn)
Jewellery
 i - a ring of stealth (left tentacle)
Scrolls
 c - a scroll of identify
 f - 9 scrolls of amnesia
 h - 2 scrolls of teleportation
Potions
 e - 2 potions of brilliance
 j - a potion of flight
 k - 2 potions of stabbing
 l - a potion of lignification
 m - a potion of ambrosia {unknown}
 n - a potion of resistance
 s - a potion of curing {unknown}
 t - a potion of heal wounds {unknown}


   Skills:
 + Level 4.7(4.5) Fighting
 + Level 5.0(4.8) Axes
 + Level 3.9(3.8) Dodging
 + Level 3.9(3.8) Shields


You had 6 spell levels left.
You didn't know any spells.
Your spell library was empty.

Dungeon Overview and Level Annotations

Branches:
Dungeon (5/15)
 Temple: D:4-7

Altars:
Fedhas
Qazlal


Innate Abilities, Weirdness & Mutations

You cannot wear most types of armour.
You are very stealthy in the water. (Stealth+)
You are amphibious.
You can wear up to eight rings at the same time.
You can use your tentacles to constrict eight enemies at once.
Your skin changes colour to match your surroundings (Stealth+).
Your rubbery body absorbs attacks. (AC +1, EV +1)


Message History

The ice beast is heavily wounded.
The ice beast hits you but does no damage.
The ice beast barely misses you.
You hit the ice beast. Your squeeze misses the ice beast.
The ice beast is severely wounded.
You hear the slow hiss of a distant avalanche of sand.
The ice beast closely misses you.
You closely miss the ice beast.
The ice beast is severely wounded.
The ice beast hits you. The ice beast freezes you!
The ice beast barely misses you.
You closely miss the ice beast. You squeeze the ice beast!
The ice beast is almost dead.
The ice beast hits you. The ice beast freezes you!
You closely miss the ice beast.
The ice beast is almost dead.
The ice beast hits you. The ice beast freezes you! The ice beast hits you.
* * * LOW HITPOINT WARNING * * *
The ice beast freezes you!
You die...

.# #### ###
...###### #.. ..#
......# #.#####.# #
#...####...#.#.#
..##.Y@#.......<#.#
#.............###.#
#.............#...#
.....#.........#.###
.....#...........#
.... +...........>#
(.. #...#####.##.#
##. #...## #....#
##...# #....#


You could see an ice beast.

Vanquished Creatures
  A wight (D:5)
  A howler monkey (D:4)
  An orc priest (D:4)
  Crazy Yiuf (D:2)
  Natasha (D:2)
  An orc wizard (D:4)
  3 worker ants (D:4)
  A hound skeleton (D:4)
  6 adders
  An ooze (D:3)
  A worm (D:3)
  2 leopard geckos
  10 orcs (D:4)
  A ball python (D:2)
  9 bats
  6 giant cockroaches
  5 goblins
  9 hobgoblins
  5 jackals (D:1)
  2 quokkas (D:3)
  A ball python skeleton (D:4)
  10 frilled lizards
  11 kobolds
  8 rats
97 creatures vanquished.

Notes
Turn   | Place    | Note
-------+----------+-------------------------------------------
     0 | D:1      | Ijustatesigmund the Octopode Fighter began the quest for
                  | the Orb.
     0 | D:1      | Reached XP level 1. HP: 16/16 MP: 1/1
   123 | D:1      | Reached XP level 2. HP: 21/21 MP: 2/2
   416 | D:1      | Reached skill level 3 in Axes
   687 | D:1      | Reached XP level 3. HP: 26/26 MP: 3/3
   950 | D:2      | Found a runed translucent door.
   951 | D:2      | Noticed Crazy Yiuf
   959 | D:2      | Killed Crazy Yiuf
   959 | D:2      | Reached XP level 4. HP: 26/32 MP: 4/4
  1067 | D:2      | Noticed Natasha
  1073 | D:2      | Killed Natasha
  1184 | D:2      | Reached skill level 4 in Axes
  1193 | D:2      | Found a blossoming altar of Fedhas.
  1992 | D:3      | Reached XP level 5. HP: 35/37 MP: 5/5
  2443 | D:3      | Found a stormy altar of Qazlal.
  2618 | D:4      | Reached XP level 6. HP: 35/43 MP: 6/6
  3775 | D:5      | Entered Level 5 of the Dungeon
  3783 | D:5      | Reached skill level 5 in Axes
  3783 | D:5      | Reached XP level 7. HP: 37/49 MP: 7/7
  3875 | D:5      | Slain by an ice beast

Illustrated notes

Levels and vault maps discovered:
D:1:      heliophobic_arrival_ceremonial_halls, layout_loops_ring,
          chequers_arboretum, minmay_tetromino_o2
D:2:      layout_loops_corners, lemuel_crystal_altar, uniq_natasha,
          uniq_crazy_yiuf_cottage
D:3:      layout_rooms, nicolae_qazlal_eye_of_the_storm
D:4:      layout_basic
D:5:      layout_basic, kennysheep_mini, basic_altar, serial_shops, shop,
          nicolae_ossuary_entry_monument, minmay_misc_feat_alley,
          roderic_roman_lattice

Skill      XL: |  1  2  3  4  5  6 |
---------------+-------------------+-----
Axes           | 3 4 5 |  5.0
Fighting       | 4 |  4.7
Dodging        | |  3.9
Shields        | |  3.9

Action                   |  1- 3 |  4- 6 |  7- 9 || total
-------------------------+-------+-------+-------++-------
Melee: War axe           |    43 |   128 |    10 ||   181
       Constrict         |    10 |    36 |       ||    46
       Tentacles         |     5 |    17 |     2 ||    24
  Use: Potion            |       |     2 |     1 ||     3
       Scroll            |       |    14 |     1 ||    15
 Stab: Sleeping          |    12 |    22 |       ||    34
       Distracted        |       |     1 |       ||     1
       Invisible         |       |       |     1 ||     1
Armor: Skin              |    10 |     6 |     1 ||    17
Dodge: Dodged            |    11 |    42 |     7 ||    60
Block: Kite shield       |    11 |    47 |     1 ||    59

Table legend: (Time is in decaauts)
 A = Elapsed time spent in this place.
 B = Non-inter-level travel time spent in this place.
 C = Inter-level travel time spent in this place.
 D = Time resting spent in this place.
 E = Time spent auto-exploring this place.
 F = Levels seen in this place.
 G = Mean time per level.
                   A        B        C        D        E       F      G
               +--------+--------+--------+--------+--------+-----+--------+
         Total |   3951 |   3852 |     99 |    709 |   2465 |   5 |  790.2 |
       Dungeon |   3951 |   3852 |     99 |    709 |   2465 |   5 |  790.2 |
               +--------+--------+--------+--------+--------+-----+--------+

Top non-repeatable levels by time:
     D:4: 1194 daAuts
     D:2: 1098 daAuts
     D:1: 887 daAuts
     D:3: 667 daAuts
     D:5: 104 daAuts
